 Dungeon Crawl Stone Soup version 0.27.0-1-g7a089689b8 (webtiles) character file.

Game seed: 10176232379162386164

11953 hawla the Reanimator (level 11, -9/56 (60) HPs)
             Began as a Deep Elf Necromancer on Aug 13, 2021.
             Mangled by a minotaur (20 damage)
             ... in a Gauntlet.
             The game lasted 00:58:20 (14991 turns).

hawla the Reanimator (Deep Elf Necromancer)        Turns: 14991, Time: 00:58:20

HP:   -9/56 (60)    AC: 14    Str: 10    XL:     11   Next: 56%
MP:   18/29         EV: 17    Int: 28    God:
Gold: 556           SH:  0    Dex: 19    Spells: 14/34 levels left

rFire    . . .     SeeInvis +   d - +8 dagger "Vamuette" {flame, rPois Str+2 Dex+4 SInv}
rCold    . . .     Faith    .   (no shield)
rNeg     + . .     Spirit   .   q - +2 robe {rN+}
rPois    +         Reflect  .   w - +2 hat
rElec    .         Harm     .   b - +0 cloak of Efroan {Int+4 Slay+3}
rCorr    .         Rampage  .   (no gloves)
Will     +....     NoTele   +   f - +2 pair of boots
Stlth    +++.......             x - amulet of regeneration
HPRegen  1.18/turn              p - ring of poison resistance
MPRegen  0.21/turn              y - ring "Ruukhluk" {AC+4 Str+3}

@: attractive, drained
A: no striking features
a: no special abilities


You were in a Gauntlet.
You visited 2 branches of the dungeon, and saw 12 of its levels.
You also visited: Sewer and Gauntlet.

You collected 556 gold pieces.

Inventory:

Hand Weapons
 d - the +8 dagger "Vamuette" (weapon) {flame, rPois Str+2 Dex+4 SInv}
   (You found it on level 7 of the Dungeon)

   It burns those it strikes, dealing additional fire damage.
   Str:       It affects your strength (+2).
   Dex:       It affects your dexterity (+4).
   rPois:     It protects you from poison.
   SInv:      It lets you see invisible.
Missiles
 i - 16 boomerangs (quivered)
 u - 5 javelins
Armour
 a - a +2 leather armour of fire resistance
 b - the +0 cloak of Efroan (worn) {Int+4 Slay+3}
   (You acquired it on level 3 of the Dungeon)

   Int:       It affects your intelligence (+4).
   Slay:      It affects your accuracy & damage with ranged weapons and melee
   (+3).
 f - a +2 pair of boots (worn)
 q - a +2 robe of positive energy (worn)
 w - a +2 hat (worn)
Jewellery
 p - a ring of poison resistance (left hand)
 x - an amulet of regeneration (around neck)
 y - the ring "Ruukhluk" (right hand) {AC+4 Str+3}
   (You found it in a Gauntlet)

   [ring of protection]

   AC:        It affects your AC (+4).
   Str:       It affects your strength (+3).
Wands
 k - a wand of iceblast (9)
 l - a wand of digging (4)
 m - a wand of polymorph (11)
 t - a wand of flame (8)
Scrolls
 e - 2 scrolls of amnesia
 h - a scroll of identify
 j - a scroll of blinking
 v - 3 scrolls of teleportation
Potions
 g - 3 potions of haste
 n - 2 potions of flight
 r - 2 potions of heal wounds
 z - a potion of curing
Miscellaneous
 c - a phantom mirror
 s - a box of beasts


   Skills:
 + Level 3.1 Fighting
 + Level 3.3 Short Blades
 + Level 5.7 Throwing
 + Level 8.1 Dodging
 + Level 5.9 Stealth
 - Level 12.0 Spellcasting
 + Level 4.4 Summonings
 + Level 13.5 Necromancy


You had 14 spell levels left.
You knew the following spells:

 Your Spells              Type           Power      Damage    Failure   Level
a - Pain                  Necr           100%       1d9       0%          1
b - Vampiric Draining     Necr           37%        2d11      1%          3
c - Animate Dead          Necr           37%        N/A       1%          4
d - Call Canine Familiar  Summ           41%        N/A       1%          3
e - Dispel Undead         Necr           75%        3d25      1%          4
f - Agony                 Necr           75%        N/A       1%          5

Your spell library contained the following spells:

 Spells                   Type           Power      Damage    Failure   Level
 Animate Skeleton         Necr           100%       N/A       0%          1
 Corpse Rot               Necr/Air       N/A        N/A       1%          2
 Sublimation of Blood     Necr           37%        N/A       1%          2
 Excruciating Wounds      Necr           37%        N/A       1%          5
 Death Channel            Necr           37%        N/A       1%          6
 Sandblast                Erth           32%        2d9       3%          1
 Shock                    Conj/Air       64%        1d7       3%          1
 Passwall                 Tmut/Erth      13%        N/A       4%          2
 Static Discharge         Conj/Air       16%        N/A       4%          2
 Dazzling Flash           Conj/Hex       32%        N/A       10%         3
 Portal Projectile        Hex/Tloc       32%        N/A       10%         3
 Swiftness                Air            16%        N/A       10%         3
 Airstrike                Air            8%         N/A       32%         4
 Iskenderun's Mystic Bla  Conj/Tloc      16%        2d5       32%         4
 Leda's Liquefaction      Hex/Erth       8%         N/A       32%         4
 Petrify                  Tmut/Erth      16%        N/A       32%         4
 Summon Forest            Summ/Tloc      14%        N/A       36%         5
 Irradiate                Conj/Tmut      8%         3d16      65%         5
 Lee's Rapid Deconstruct  Erth           8%         3d8*      65%         5
 Lightning Bolt           Conj/Air       8%         1d20      65%         5
 Eringya's Noxious Bog    Tmut/Pois      8%         N/A       99%         6
 Starburst                Conj/Fire      8%         8x6d4     99%         6
 Maxwell's Capacitive Co  Air            8%         ∞         100%        8


Dungeon Overview and Level Annotations

Branches:
Dungeon (11/15)            Temple (1/1) D:7             Orc (0/2) D:9
  Sewer (visited)         Gauntlet (1/1)
   Lair: D:8-11

Altars:
Dithmenos
Elyvilon
Fedhas
Gozag
Hepliaklqana
Kikubaaqudgha
Makhleb
Nemelex Xobeh
Okawaru
Qazlal
Ru
Sif Muna
Trog
Uskayaw
Vehumet
Wu Jian
Xom
Yredelemnul
Zin
The Shining One

Annotations:
D:4 blast the statue, exclusion: statue
D:5 2 runed translucent doors Gauntlet 6 transporters


Message History

Unknown command.
You start resting.
Magic restored.
You enter the transporter and appear at another place.
Okay, then.
You open the door.
A minotaur comes into view.
It is wielding the +5 flail "Figu" {drain, Str+4}, wearing the +1 ice dragon scales of Ameygodgh {Rampage Fly rF- rC++ Str-4 Int+7}, wearing the +1 buckler of the Eleven Invaders {+Blink rPois} and quivering silver javelins.
Found a lightning rod (4/4) and a knobbly bronze ring.
There's nothing to open nearby.
You close the door.
Really quaff the potion of attraction?
You feel attractive to monsters.
You open the door. The minotaur is pulled toward you!
Cast which spell? (? or * to list)
Aiming: Agony (dangerous; 1% risk of failure)
Press: ? - help, Shift-Dir - straight line, f - minotaur
Aim: a minotaur, wielding the +5 flail "Figu" {drain, Str+4}, wearing the +1 ice dragon scales of Ameygodgh {Rampage Fly rF- rC++ Str-4 Int+7}, wearing the +1 buckler of the Eleven Invaders {+Blink rPois}, wearing a ring of protection from cold and quivering silver javelins (wandering, hasn't noticed you, chance to affect: 67%)
The minotaur convulses!
The minotaur hits you with the +5 flail "Figu" {drain, Str+4}!
You partially resist.
You feel drained. The minotaur gores you!
Casting: Agony (dangerous; 1% risk of failure)
Confirm with . or Enter, or press ? or * to list all spells.
Aiming: Vampiric Draining (safe; 1% risk of failure)
Press: ? - help, Shift-Dir - straight line, f/p - minotaur
Aim: a minotaur, wielding the +5 flail "Figu" {drain, Str+4}, wearing the +1 ice dragon scales of Ameygodgh {Rampage Fly rF- rC++ Str-4 Int+7}, wearing the +1 buckler of the Eleven Invaders {+Blink rPois}, wearing a ring of protection from cold and quivering silver javelins (heavily wounded)
You draw life force from the minotaur!
You feel life coursing into your body.
The minotaur hits you with the +5 flail "Figu" {drain, Str+4}!!
Ouch! That really hurt!
* * * LOW HITPOINT WARNING * * *
You partially resist.
You feel drained.
* * * LOW HITPOINT WARNING * * *
The minotaur misses you.
Casting: Vampiric Draining (safe; 1% risk of failure)
Confirm with . or Enter, or press ? or * to list all spells.
Aiming: Vampiric Draining (safe; 1% risk of failure)
Press: ? - help, Shift-Dir - straight line, f/p - minotaur
Aim: a minotaur, wielding the +5 flail "Figu" {drain, Str+4}, wearing the +1 ice dragon scales of Ameygodgh {Rampage Fly rF- rC++ Str-4 Int+7}, wearing the +1 buckler of the Eleven Invaders {+Blink rPois}, wearing a ring of protection from cold and quivering silver javelins (severely wounded)
You draw life force from the minotaur!
You feel life coursing into your body.
The minotaur hits you with the +5 flail "Figu" {drain, Str+4}!!
You die...

##§#≈#≈#≈#≈########≈#≈#≈#≈###
###########.©..©.#########
######......#####
#...............#
#...............#
##.#.#######.#.## #.#....#
...#.# #.#.##.#.##.#.#
#.....@.......#
#.#..##H##..#.# #.#..#
.8#..#.# #....# ..#....#
###8.# .8#.8### #### .}###
.8# .=#


You could see a minotaur.

Vanquished Creatures
  A ghost crab (Gauntlet)
  3 two-headed ogres
  A fire crab (Gauntlet)
  2 cyclopes
  An unseen horror (D:10)
  A kobold demonologist (D:11)
  2 trolls
  A hornet (D:9)
  Grinder (D:5)
  A meliai zombie (D:9)
  2 slime creatures (D:11)
  4 shadows (Gauntlet)
  A vampire (D:11)
  Eustachio (D:6)
  5 yaks
  A wyvern (D:9)
  Grum (D:8)
  2 fire bats (Gauntlet)
  2 vampire mosquitoes (D:10)
  An acid dragon (D:9)
  A water moccasin (D:8)
  Duvessa (D:6)
  6 orc warriors
  Purgy (Sewer)
  3 sky beasts (D:6)
  An ogre (D:5)
  2 wolves (D:8)
  2 centaurs (D:8)
  2 bullfrogs
  3 scorpions
  A water moccasin skeleton (D:6)
  5 wights (D:8)
  3 electric eels (D:9)
  2 howler monkeys
  A lava snake (D:9)
  3 hounds
  A jelly (D:6)
  A gnoll shaman (D:5)
  9 orc priests
  A bullfrog skeleton (D:5)
  Ijyb (D:5)
  2 iguanas
  7 orc wizards
  A hound zombie (D:3)
  A howler monkey zombie (D:8)
  9 gnolls
  A howler monkey skeleton (D:7)
  A river rat (D:4)
  7 adders
  A shadow imp (D:8)
  An ufetubus (D:6)
  An adder skeleton (D:4)
  7 worms
  25 orcs
  7 ball pythons
  2 endoplasms
  3 giant cockroaches
  5 goblins
  7 hobgoblins
  3 jackals (D:2)
  5 kobolds
  3 quokkas (D:1)
  10 frilled lizards
  9 rats
  A spectral kobold (D:4)
203 creatures vanquished.

Vanquished Creatures (collateral kills)
  5 yaks (D:10)
  Menkaure (D:5)
  Edmund (D:6)
  An acid dragon (D:10)
  A sky beast (D:6)
  A centaur (D:9)
  Dowan (D:6)
  A gnoll shaman (D:9)
  An orc priest (D:9)
  An iguana (D:5)
  3 orc wizards
  2 shadow imps (D:6)
  A white imp (D:7)
  4 orcs
24 creatures vanquished.

Grand Total: 227 creatures vanquished

Notes
Turn   | Place    | Note
-------+----------+-------------------------------------------
     0 | D:1      | hawla the Deep Elf Necromancer began the quest for the Orb.
     0 | D:1      | Reached XP level 1. HP: 10/10 MP: 6/6
   141 | D:1      | Reached skill level 5 in Necromancy
   273 | D:1      | Found a faded altar of an unknown god.
   446 | D:1      | Reached XP level 2. HP: 14/15 MP: 6/8
  1088 | D:1      | Reached XP level 3. HP: 17/19 MP: 8/10
  1092 | D:1      | Learned a level 3 spell: Vampiric Draining
  2376 | D:2      | Reached XP level 4. HP: 21/24 MP: 8/12
  2381 | D:2      | Learned a level 4 spell: Animate Dead
  2713 | D:3      | Identified a scroll of acquirement
  2713 | D:3      | Acquired the +0 cloak of Efroan {Int+4 Slay+3}
  2846 | D:3      | Reached skill level 1 in Fighting
  2927 | D:3      | Found an opulent altar of Gozag.
  2943 | D:3      | Reached skill level 5 in Spellcasting
  3104 | D:3      | Found a blossoming altar of Fedhas.
  3599 | D:4      | Reached skill level 6 in Necromancy
  3599 | D:4      | Reached XP level 5. HP: 27/29 MP: 14/14
  3705 | D:4      | Found a glowing drain.
  3710 | Sewer    | Entered a sewer
  3729 | Sewer    | Noticed Purgy
  3737 | Sewer    | Killed Purgy
  3738 | Sewer    | Reached skill level 1 in Throwing
  3738 | Sewer    | Reached XP level 6. HP: 34/34 MP: 2/16
  4066 | D:4      | Found a radiant altar of Vehumet.
  4416 | D:4      | Found a shimmering altar of Xom.
  4947 | D:4      | Found a hazy altar of Hepliaklqana.
  5168 | D:5      | Entered Level 5 of the Dungeon
  5216 | D:5      | Found a large runed translucent door.
  5216 | D:5      | Found a large runed translucent door.
  5676 | D:5      | Reached XP level 7. HP: 38/38 MP: 7/18
  5761 | D:5      | Noticed Grinder
  5783 | D:5      | Learned a level 3 spell: Call Canine Familiar
  5891 | D:5      | Killed Grinder
  5892 | D:5      | Reached skill level 7 in Necromancy
  6008 | D:5      | Noticed Ijyb
  6061 | D:5      | Killed Ijyb
  6301 | D:5      | Noticed Menkaure
  6344 | D:5      | Killed Menkaure
  6345 | D:5      | Reached skill level 1 in Summonings
  6900 | D:6      | Reached XP level 8. HP: 25/43 MP: 0/21
  7113 | D:6      | Noticed Edmund
  7133 | D:6      | Killed Edmund
  7335 | D:6      | Noticed Eustachio
  7401 | D:6      | Killed Eustachio
  7402 | D:6      | Reached skill level 5 in Dodging
  7426 | D:6      | Noticed Duvessa
  7452 | D:6      | Killed Duvessa
  7468 | D:6      | Noticed Dowan
  7477 | D:6      | Killed Dowan
  7640 | D:6      | Reached skill level 8 in Necromancy
  7677 | D:6      | Noticed a two-headed ogre
  8041 | D:6      | Reached XP level 9. HP: 35/48 MP: 0/24
  8321 | D:6      | Killed a two-headed ogre
  8322 | D:6      | Reached skill level 10 in Spellcasting
  8549 | D:7      | Found a stormy altar of Qazlal.
  8755 | D:7      | Found a staircase to the Ecumenical Temple.
  8767 | D:7      | Identified the +8 dagger "Vamuette" {flame, rPois Str+2
                  | Dex+4 SInv}
  8773 | Temple   | Entered the Ecumenical Temple
  9062 | D:7      | Found an ornate altar of the Wu Jian Council.
  9749 | D:8      | Learned a level 4 spell: Dispel Undead
  9789 | D:8      | Reached skill level 9 in Necromancy
  9791 | D:8      | Reached skill level 1 in Short Blades
 10231 | D:8      | Noticed Grum
 10240 | D:8      | Reached skill level 5 in Stealth
 10259 | D:8      | Killed Grum
 10753 | D:9      | Noticed a two-headed ogre
 10799 | D:9      | Noticed a cyclops
 10842 | D:9      | Learned a level 5 spell: Agony
 11060 | D:9      | Reached XP level 10. HP: 25/54 MP: 27/27
 11090 | D:9      | Killed a two-headed ogre
 11091 | D:9      | Reached skill level 10 in Necromancy
 11561 | D:9      | Killed a cyclops
 11764 | D:9      | Reached skill level 11 in Necromancy
 12505 | D:9      | Found an ancient bone altar of Kikubaaqudgha.
 13077 | D:9      | Found a staircase to the Orcish Mines.
 13108 | D:9      | Reached skill level 12 in Necromancy
 13263 | D:10     | Entered Level 10 of the Dungeon
 13680 | D:10     | Reached XP level 11. HP: 59/59 MP: 29/29
 13703 | D:10     | Reached skill level 5 in Throwing
 13880 | D:10     | You fall into a shaft and drop 1 floor!
 13924 | D:11     | Noticed a two-headed ogre
 13933 | D:11     | Killed a two-headed ogre
 14325 | D:11     | Found a gate leading to a gauntlet.
 14341 | Gauntlet | Entered a Gauntlet
 14341 | Gauntlet | Found a transporter.
 14341 | Gauntlet | Found a transporter.
 14344 | Gauntlet | Noticed a fire crab
 14412 | Gauntlet | Found a transporter.
 14415 | Gauntlet | Found a transporter.
 14426 | Gauntlet | Found a transporter.
 14430 | Gauntlet | Noticed a ghost crab
 14438 | Gauntlet | Found a transporter.
 14444 | Gauntlet | Found a runed translucent door.
 14453 | Gauntlet | Found a transporter.
 14459 | Gauntlet | Found a transporter.
 14459 | Gauntlet | Found a transporter.
 14461 | Gauntlet | Found a transporter.
 14464 | Gauntlet | Noticed a wizard
 14472 | Gauntlet | Found a transporter.
 14474 | Gauntlet | Found a transporter.
 14596 | Gauntlet | Reached skill level 13 in Necromancy
 14602 | Gauntlet | Killed a fire crab
 14735 | Gauntlet | Got Sif Muna's Guide on the Mutagenic Traveller
 14899 | Gauntlet | Killed a ghost crab
 14912 | Gauntlet | Identified the ring "Ruukhluk" {AC+4 Str+3}
 14985 | Gauntlet | Identified the +5 flail "Figu" {drain, Str+4}
 14985 | Gauntlet | Identified the +1 ice dragon scales of Ameygodgh {Rampage
                  | Fly rF- rC++ Str-4 Int+7}
 14985 | Gauntlet | Identified the +1 buckler of the Eleven Invaders {+Blink
                  | rPois}
 14985 | Gauntlet | Noticed a minotaur
 14991 | Gauntlet | Mangled by a minotaur

Illustrated notes

Levels and vault maps discovered:
D:1:      psy_arrival_dodecagon, layout_loops_ring,
          chequers_ecumenical_altar_lobes, minivault_25, lemuel_old_faithful
D:2:      layout_basic
D:3:      layout_basic, fedhas_altar_3, mainiacjoe_overflow_alcove_1
D:4:      layout_layer_cave, vehumet_statue, nicolae_overflow_hidden_temple,
          nicolae_hepliaklqana_monster_ancestors, gup_sewer_entry_spiral
D:5:      layout_loops_ring, jmf_multi_god_temple2, uniq_menkaure, uniq_grinder,
          uniq_ijyb
D:6:      layout_rooms, minmay_misc_feat_tiny, uniq_edmund, uniq_duvessa,
          uniq_eustachio
D:7:      layout_basic, mainiacjoe_overflow_paths, mainiacjoe_overflow_catwalk,
          minmay_temple_entry_offerings, grunt_ministairs_1
D:8:      layout_gridville, uniq_grum
D:9:      layout_basic, kiku_gazebo_pond_becter, erik_orc_2, kennysheep_diamond,
          minmay_holes
D:10:     layout_rooms, lair_entry_dummy, lightli_minifort
D:11:     layout_layer_cave, gauntlet_entry_generic
Temple:   hc_temple_tempest_star
Gauntlet: minmay_gauntlet_mixed_big_or_small
          [gammafunk_gauntlet_arena_split_diamond,
          minmay_gauntlet_arena_77_terracotta_army,
          gammafunk_gauntlet_arena_grid,
          minmay_gauntlet_arena_77_radiant_squares,
          gammafunk_gauntlet_arena_split_x, minmay_gauntlet_arena_77_path,
          nicolae_gauntlet_exit_dead_adventurers]

Skill      XL: |  1  2  3  4  5  6  7  8  9 10 11 |
---------------+----------------------------------+-----
Necromancy     | 5 6 7 8 9 12 13 | 13.5
Spellcasting   | 4 5 6 7 9 11 12 | 12.0
Dodging        | 3 4 5 6 7 8 |  8.1
Stealth        | 3 4 5 |  5.9
Fighting       | 1 2 3 |  3.1
Throwing       | 1 2 3 4 5 |  5.7
Summonings     | 2 3 4 |  4.4
Short Blades   | 1 2 3 |  3.3

Action                   |  1- 3 |  4- 6 |  7- 9 | 10-12 || total
-------------------------+-------+-------+-------+-------++-------
Melee: Dagger            |     9 |    16 |    38 |    53 ||   116
       Short sword       |       |   132 |   154 |       ||   286
       Unarmed           |       |       |    12 |       ||    12
Throw: Dart              |       |    17 |    55 |    31 ||   103
       Javelin           |       |       |    15 |       ||    15
       Throwing net      |       |       |     3 |       ||     3
       Boomerang         |       |       |       |    27 ||    27
 Cast: Pain              |    60 |     3 |    17 |     5 ||    85
       Vampiric Draining |     1 |    19 |    37 |    66 ||   123
       Animate Dead      |       |     2 |     7 |    13 ||    22
       Call Canine Famil |       |       |    27 |    10 ||    37
       Dispel Undead     |       |       |     5 |    14 ||    19
       Agony             |       |       |       |    11 ||    11
Evoke: Wand              |       |       |       |     1 ||     1
  Use: Scroll            |     4 |    13 |     7 |     4 ||    28
       Potion            |       |       |     5 |     3 ||     8
 Stab: Sleeping          |     1 |     9 |     5 |       ||    15
Armor: Robe              |     5 |    42 |   120 |    33 ||   200
       Skin              |       |       |    15 |       ||    15
       Leather armour    |       |       |       |     5 ||     5
Dodge: Dodged            |     4 |    93 |   243 |   120 ||   460
